 Dungeon Crawl Stone Soup version 0.29.1-12-g30fa7ad0bf (webtiles) character file.

Game seed: 10827613360026893393

189 GigaChad the Chopper (level 5, 0/47 HPs)
             Began as a Minotaur Fighter on Dec 13, 2022.
             Slain by a lemure (4 damage)
             ... led by Pikel
             ... on level 4 of the Dungeon.
             The game lasted 00:03:14 (3372 turns).

GigaChad the Chopper (Minotaur Fighter)             Turns: 3372, Time: 00:03:14

Health: 0/47       AC:  7    Str: 23    XL:     5   Next: 40%
Magic:  4/4        EV:  9    Int:  5    God:
Gold:   208        SH:  4    Dex:  9    Spells: 4/4 levels left

rFire   . . .      SeeInvis .   a - +0 war axe
rCold   . . .      Faith    .   c - +0 buckler
rNeg    . . .      Spirit   .   b - +0 scale mail
rPois   .          Reflect  .   (helmet restricted)
rElec   .          Harm     .   (no cloak)
rCorr   .          Rampage  .   (no gloves)
Will    .....                   (no boots)
Stlth   ..........              (no amulet)
HPRegen 0.15/turn               (no ring)
MPRegen 0.09/turn               (no ring)

@: no status effects
A: horns 2, retaliatory headbutt
a: no special abilities


You were on level 4 of the Dungeon.
You visited 1 branch of the dungeon, and saw 4 of its levels.

You collected 208 gold pieces.

Inventory:

Hand Weapons
 a - a +0 war axe (weapon)
Armour
 b - a +0 scale mail (worn)
 c - a +0 buckler (worn)
Jewellery
 o - a ring of positive energy
 q - a ring of poison resistance
Scrolls
 e - a scroll of poison {unknown}
 f - 4 scrolls of teleportation {unknown}
 g - a scroll of noise {unknown}
 j - a scroll of magic mapping {unknown}
 k - a scroll of brand weapon {unknown}
 m - 2 scrolls of blinking {unknown}
 n - a scroll of identify {unknown}
 p - a scroll of silence {unknown}
 s - 2 scrolls of enchant weapon {unknown}
 u - a scroll of butterflies {unknown}
Potions
 d - a potion of might
 h - a potion of flight {unknown}
 i - a potion of heal wounds {unknown}
 l - 2 potions of curing {unknown}
 r - 3 potions of haste
 t - a potion of attraction {unknown}


   Skills:
 + Level 4.3 Fighting
 + Level 5.0 Axes
 + Level 4.4 Armour
 - Level 0.3 Dodging
 * Level 4.6 Shields


You had 4 spell levels left.
You didn't know any spells.
Your spell library contained the following spells:

 Spells                   Type           Power      Damage    Failure   Level
 Shock                    Conj/Air       0%         1d3       86%         1
 Ensorcelled Hibernation  Hex/Ice        0%         N/A       95%         2
 Passwall                 Tmut/Erth      0%         N/A       95%         2
 Ozocubu's Armour         Ice            0%         N/A       99%         3
 Swiftness                Air            0%         N/A       99%         3
 Airstrike                Air            0%         2d(0-16)  100%        4
 Metabolic Englaciation   Hex/Ice        0%         N/A       100%        5
 Simulacrum               Ice/Necr       0%         N/A       100%        6


Dungeon Overview and Level Annotations

Branches:
Dungeon (4/15)
 Temple: D:4-7

Altars:

Annotations:
D:4 Pikel


Innate Abilities, Weirdness & Mutations

You have a pair of horns on your head.
You reflexively headbutt those who attack you in melee.


Message History

You see here a +0 trident.
Pikel, Merchant of Souls comes into view.
He is wielding a +2 whip of electrocution.
The lemure completely misses you.
Found a stone staircase leading up.
Found a shiny orb.
The lemure attacks as you move away! The lemure hits you but does no damage.
Pikel hits you with a +2 whip of electrocution.
You closely miss Pikel. Your headbutt misses Pikel. You hit the lemure.
Pikel hits you with a +2 whip of electrocution.
The lemure hits you. Pikel barely misses you.
The lemure hits you but does no damage.
You closely miss Pikel. You closely miss the hobgoblin.
You closely miss the lemure. You block Pikel's attack.
The hobgoblin hits you but does no damage.
The lemure closely misses you.
You hit Pikel but do no damage. You hit the lemure.
You closely miss the hobgoblin.
Pikel hits you with a +2 whip of electrocution!
The hobgoblin closely misses you. You furiously retaliate!
You headbutt the hobgoblin!
You kill the hobgoblin!
The lemure hits you.
You barely miss Pikel. You hit the lemure. You completely miss the lemure.
Pikel barely misses you. You furiously retaliate!
You headbutt Pikel! You block the lemure's attack.
The lemure hits you but does no damage.
You closely miss Pikel.
Pikel is moderately wounded.
You hit the lemure. You slash the lemure! Pikel hits you but does no damage.
You block the lemure's attack. The lemure hits you!
* * * LOW HITPOINT WARNING * * *
Pikel completely misses you. You furiously retaliate!
You headbutt Pikel! You closely miss Pikel. Your headbutt misses Pikel.
Pikel is moderately wounded.
You hit the lemure. You closely miss the lemure. You slash the lemure!
Pikel hits you with a +2 whip of electrocution!
* * * LOW HITPOINT WARNING * * *
The lemure hits you.
* * * LOW HITPOINT WARNING * * *
The lemure hits you.
You die...

#.#.........####
#.#.........# #.#.#
#...........####.#.###
.....................###
.......................[
.......<....####......<.
#........................
..#.............K.!.....
.####.....##.###@55.....
...........#..##55!.....
...........##.(.........
...........#####....###.# #
#........... #.#..###.##.#
##########...###.#:)..#....#
.# #......##.....# .# ..
#..##..#......##.## #.
##.........##.....##


You could see Pikel and 4 lemures.

Vanquished Creatures
  An orc priest (D:4)
  An orc wizard (D:4)
  4 adders
  5 dart slugs
  6 orcs
  10 ball pythons
  4 endoplasms
  3 giant cockroaches
  5 goblins
  6 hobgoblins
  7 quokkas
  2 bats (D:1)
  5 frilled lizards
  17 kobolds
  6 rats
82 creatures vanquished.

Notes
Turn   | Place    | Note
-------+----------+-------------------------------------------
     0 | D:1      | GigaChad the Minotaur Fighter began the quest for the Orb.
     0 | D:1      | Reached XP level 1. HP: 19/19 MP: 0/0
   336 | D:1      | Reached XP level 2. HP: 27/27 MP: 1/1
  1003 | D:1      | Reached XP level 3. HP: 32/33 MP: 2/2
  1005 | D:1      | Reached skill level 3 in Axes
  1820 | D:3      | Reached skill level 4 in Axes
  1829 | D:3      | Reached XP level 4. HP: 40/40 MP: 3/3
  2082 | D:3      | Found a faded altar of an unknown god.
  2997 | D:4      | Reached XP level 5. HP: 14/46 MP: 4/4
  3001 | D:4      | Reached skill level 5 in Axes
  3348 | D:4      | Noticed a lemure
  3348 | D:4      | Noticed a lemure
  3349 | D:4      | Noticed a lemure
  3350 | D:4      | Noticed a lemure
  3351 | D:4      | Noticed Pikel
  3372 | D:4      | Slain by a lemure

Illustrated notes

Levels and vault maps discovered:
D:1:      dpeg_arrival_windows_large_door, layout_basic, minmay_pentomino_o2
D:2:      layout_basic
D:3:      layout_loops_ring, hellmonk_ecumenical_altar_crossroads,
          chequers_decorated_corner
D:4:      layout_rooms, uniq_pikel

Skill      XL: |  1  2  3  4  5 |
---------------+----------------+-----
Shields        | 4 |  4.6
Fighting       | 4 |  4.3
Armour         | 4 |  4.4
Axes           | 4 5 |  5.0
Dodging        | |  0.3

Action                   |  1- 3 |  4- 6 || total
-------------------------+-------+-------++-------
Melee: War axe           |   104 |    84 ||   188
       Headbutt          |     6 |    11 ||    17
Armor: Scale mail        |    58 |    54 ||   112
Dodge: Dodged            |    56 |    48 ||   104
Block: Buckler           |    25 |    21 ||    46
